 Seeded DCSS version 0.29-a0-911-g88e6f02907 (webtiles) character file.

Game seed: 7483000318030779379 (custom seed)

78 purpskrrrp the Ducker (level 4, -2/23 HPs)
             Began as a Spriggan Monk on July 25, 2022.
             Killed by divine providence
             ... invoked by an orc priest
              (13 damage)
             ... on level 3 of the Dungeon.
             The game lasted 00:09:54 (3071 turns).

purpskrrrp the Ducker (Spriggan Monk)               Turns: 3071, Time: 00:09:55

Health: -2/23      AC:  3    Str:  7    XL:     4   Next: 15%
Magic:  5/5        EV: 20    Int: 11    God:
Gold:   73         SH:  0    Dex: 19    Spells: 3/3 levels left

rFire   . . .      SeeInvis +   a - +0 short sword
rCold   . . .      Faith    .   (no shield)
rNeg    . . .      Spirit   .   b - +1 robe
rPois   .          Reflect  .   (helmet restricted)
rElec   .          Harm     .   (no cloak)
rCorr   .          Rampage  .   (gloves unavailable)
Will    .....                   (boots unavailable)
Stlth   +++.......              (no amulet)
HPRegen 0.07/turn               (no ring)
MPRegen 0.09/turn               (no ring)

@: very quick
A: very small, no large weapons, unfitting armour, see invisible, speed 3
a: no special abilities


You were on level 3 of the Dungeon.
You visited 1 branch of the dungeon, and saw 3 of its levels.

You collected 73 gold pieces.

Inventory:

Hand Weapons
 a - a +0 short sword (weapon)
Missiles
 e - 6 poisoned darts (quivered)
Armour
 b - a +1 robe (worn)
Scrolls
 d - a scroll of magic mapping
 h - a scroll of immolation {unknown}
 i - a scroll of teleportation {unknown}
Potions
 c - a potion of curing {unknown}
 f - a potion of flight {unknown}
 g - 2 potions of haste {unknown}
 j - a potion of mutation {unknown}


   Skills:
 + Level 2.6 Fighting
 * Level 4.2 Short Blades
 * Level 5.2 Dodging
 + Level 3.7 Stealth


You had 3 spell levels left.
You didn't know any spells.
Your spell library contained the following spells:

 Spells                   Type           Power      Damage    Failure   Level
 Confusing Touch          Hex            0%         N/A       71%         3
 Frozen Ramparts          Ice            0%         1d2       71%         3
 Stone Arrow              Conj/Erth      0%         3d7       71%         3
 Animate Armour           Summ/Erth      0%         N/A       98%         4
 Ice Form                 Ice/Tmut       0%         N/A       98%         4
 Summon Ice Beast         Ice/Summ       0%         N/A       98%         4
 Yara's Violent Unravell  Hex/Tmut       0%         3d3       100%        5
 Enfeeble                 Hex            0%         N/A       100%        7
 Lehudib's Crystal Spear  Conj/Erth      0%         10d2      100%        8


Dungeon Overview and Level Annotations

Branches:
Dungeon (3/15)

Altars:
Hepliaklqana


Innate Abilities, Weirdness & Mutations

You are very small and have problems with some larger weapons.
You are too small for most types of armour.
You have supernaturally acute eyesight. (SInv)
You cover ground extremely quickly. (Speed+++)


Message History

There is a stone staircase leading up here.
You climb upwards.
There is a stone staircase leading down here.
You start resting.
HP restored.
You climb downwards.
You hear the sound of rushing water.
There is an entrance to a sewer on this level.
Hurry and find it before the portal rusts away!
You hear the slow rusting of a very distant drain.
The orc barely misses you.
There is a stone staircase leading up here.
You hit the orc.
The orc is almost dead.
The orc misses you.
You closely miss the orc.
The orc is almost dead.
You hit the orc.
You kill the orc!
Things that are here:
a +0 falchion; an orc corpse The orc completely misses you.
You hit the orc but do no damage. The orc hits you with a +0 hand axe.
You barely miss the orc. The orc hits you with a +0 hand axe.
You barely miss the orc. You hit the orc.
The orc is lightly wounded.
The orc closely misses you.
You closely miss the orc.
The orc is lightly wounded.
The orc misses you.
You hit the orc.
The orc is heavily wounded.
The orc misses you.
You hit the orc but do no damage.
The orc is moderately wounded.
The orc hits you with a +0 hand axe!
The orc priest mumbles some strange prayers to Beogh against you.
Beogh smites you!
Ouch! That really hurt!
You die...

### #####
#.######.#.#
#........#<#
#.######.#)#
#.######.#.#
#........@.#
########.###
#o#
#########o#
..o.o)o..o#
.##########


You could see an orc priest and 2 orcs.

Vanquished Creatures
  2 adders (D:2)
  2 worms (D:2)
  2 dart slugs (D:1)
  2 orcs (D:3)
  3 ball pythons (D:1)
  A bat (D:1)
  7 endoplasms
  3 giant cockroaches
  5 goblins
  5 hobgoblins
  3 quokkas
  A frilled lizard (D:1)
  7 kobolds
  A rat (D:1)
44 creatures vanquished.

Notes
Turn   | Place    | Note
-------+----------+-------------------------------------------
     0 | D:1      | purpskrrrp the Spriggan Monk began the quest for the Orb.
     0 | D:1      | Reached XP level 1. HP: 11/11 MP: 2/2
   771 | D:1      | Reached XP level 2. HP: 16/16 MP: 3/3
  1317 | D:1      | Reached XP level 3. HP: 19/19 MP: 4/4
  1612 | D:2      | Found a faded altar of an unknown god.
  1743 | D:2      | Reached skill level 5 in Dodging
  1988 | D:2      | Found a hazy altar of Hepliaklqana.
  2073 | D:2      | Reached XP level 4. HP: 7/23 MP: 5/5
  2906 | D:3      | Found the +7 Spriggan's Knife {stab, EV+4 Stlth+}
  3071 | D:3      | Killed from afar by an orc priest

Illustrated notes

Levels and vault maps discovered:
D:1:      dpeg_arrival_morbid_curiosity, layout_rooms
D:2:      layout_loops_corners, nicolae_ecumenical_pavilion, basic_altar,
          minivault_27
D:3:      layout_basic, portal_sewer_entry_b, serial_shops, shop,
          nicolae_shop_hallway_plus, shop, st_stairs_13

Skill      XL: |  1  2  3 |
---------------+----------+-----
Dodging        | 5 |  5.2
Short Blades   | 4 |  4.2
Fighting       | |  2.6
Stealth        | |  3.7

Action                   |  1- 3 |  4- 6 || total
-------------------------+-------+-------++-------
Melee: Short sword       |   168 |    30 ||   198
       Punch             |     2 |       ||     2
  Use: Scroll            |     5 |       ||     5
       Potion            |     1 |       ||     1
 Stab: Sleeping          |     6 |     1 ||     7
       Distracted        |     1 |       ||     1
Armor: Robe              |     9 |       ||     9
Dodge: Dodged            |   136 |    19 ||   155

Table legend: (Time is in decaauts)
 A = Elapsed time spent in this place.
 B = Non-inter-level travel time spent in this place.
 C = Inter-level travel time spent in this place.
 D = Time resting spent in this place.
 E = Time spent auto-exploring this place.
 F = Levels seen in this place.
 G = Mean time per level.
                   A        B        C        D        E       F      G
               +--------+--------+--------+--------+--------+-----+--------+
         Total |   2491 |   2414 |     77 |   1214 |    787 |   3 |  830.3 |
       Dungeon |   2491 |   2414 |     77 |   1214 |    787 |   3 |  830.3 |
               +--------+--------+--------+--------+--------+-----+--------+

Top non-repeatable levels by time:
     D:1: 1388 daAuts
     D:2: 1060 daAuts
     D:3: 42 daAuts
